AoeStats
← Tomate

Arena

509549037Analyzed
2v2 RM · 7d ago on Sep 27, 2026· 54m 3s· 4 players
Game mode
Random Map
Map size
Medium (4 player)
Population
200
Speed
Normal
Resources
Standard
Victory
Conquest
Starting age
Dark Age
Ending age
Imperial Age
RankedLock teamsTeams togetherTeam positionsShared explorationLock speedFull tech treeHidden civsTurbo modeCheats
Victory
Defeat
🇨🇱 Khmer · Chile
950
+16
🇨🇱 Spanish · Chile
949
+16
🇻🇪 Shu · Venezuela
979
-16
🇺🇸 Celts · United States
940
-16
Tomate
3:50 Loom
11:22 Feudal Age
15:16 Castle Age
13:31 Double-Bit Axe
14:19 Stone Mining
15:15 Horse Collar
16:44 Bow Saw
19:24 Wheelbarrow
25:30 Hand Cart
29:31 Imperial Age
28:07 Heavy Plow
28:18 Scale Barding Armor
28:23 Forging
28:17 Town Watch
28:44 Husbandry
29:09 Caravan
29:14 Stone Mining
29:29 Loom
30:01 Bloodlines
30:16 Chain Barding Armor
30:31 Iron Casting
29:51 Cavalier
31:11 Conscription
32:17 Plate Barding Armor
32:47 Two-Man Saw
32:15 Town Patrol
33:17 Blast Furnace
34:11 Paladin
34:46 Fletching
37:34 Pikeman
38:15 Squires
38:59 Arson
39:53 Bodkin Arrow
40:02 Scale Mail Armor
42:01 Supremacy
41:21 Halberdier
42:21 Chain Mail Armor
42:02 Bodkin Arrow
43:09 Elite Conquistador
44:25 Hoardings
43:59 Bracer
43:59 Padded Archer Armor
45:21 Plate Mail Armor
48:37 Inquisition
49:00 Gambesons
49:34 Leather Archer Armor
51:24 Stone Shaft Mining
nnickk0
10:22 Feudal Age
14:25 Castle Age
13:04 Horse Collar
13:09 Double-Bit Axe
16:09 Bow Saw
16:47 Heavy Plow
16:51 Stone Mining
22:39 Wheelbarrow
23:06 Murder Holes
28:49 Imperial Age
26:29 Gold Mining
28:09 Gold Shaft Mining
32:03 Light Cavalry
32:54 Bloodlines
32:44 Husbandry
35:21 Scale Barding Armor
35:17 Padded Archer Armor
35:07 Fletching
37:09 Stone Shaft Mining
37:07 Crop Rotation
38:45 Chain Barding Armor
38:33 Siege Engineers
38:50 Ballistics
38:39 Hussar
41:30 Elite Ballista Elephant
43:43 Tusk Swords
45:14 Devotion
46:06 Plate Barding Armor
45:32 Scale Mail Armor
45:56 Crossbowman
48:20 Double Crossbow
52:10 Faith
53:03 Hand Cart
DecrepitoX
10:54 Feudal Age
15:53 Castle Age
14:54 Double-Bit Axe
19:06 Bow Saw
30:30 Imperial Age
28:15 Murder Holes
29:00 Horse Collar
30:09 Gold Mining
31:28 Arrowslits
32:44 Chemistry
31:55 Fortified Wall
31:56 Masonry
33:03 Stone Mining
34:01 Wheelbarrow
33:30 Heavy Plow
34:13 Conscription
34:59 Capped Ram
36:23 Scale Mail Armor
36:33 Forging
37:32 Chain Mail Armor
37:28 Forging
37:40 Elite Woad Raider
38:33 Heavy Scorpion
40:26 Hoardings
41:13 Plate Mail Armor
41:18 Iron Casting
41:04 Pikeman
42:22 Iron Casting
41:50 Padded Archer Armor
41:40 Fletching
42:16 Halberdier
45:58 Blast Furnace
46:55 Siege Engineers
NexTz
0:38 Loom
11:22 Feudal Age
15:03 Castle Age
13:00 Stone Mining
12:55 Double-Bit Axe
14:52 Horse Collar
21:25 Gold Mining
22:17 Gambesons
23:25 Squires
29:15 Imperial Age
28:57 Gold Shaft Mining
28:44 Bow Saw
29:11 Scale Mail Armor
30:25 Forging
30:46 Conscription
31:45 Coiled Serpent Array
32:54 Chain Mail Armor
33:30 Theocracy
35:05 Wheelbarrow
35:25 Fervor
38:03 Illumination
38:56 Plate Mail Armor
39:52 Hand Cart
43:07 Town Watch
45:01 Two-Man Saw
45:01 Ballistics
45:42 Chemistry
46:14 Scale Barding Armor
46:24 Elite White Feather Guard
52:23 Guilds
53:03 Pikeman
Connection lost

Rejoining the realm…

Still unreachable

The connection could not be restored.

Session expired

The server has moved on; the page needs a fresh start.